ST. LOUIS Blues vs CALGARY Flames

Created - 18 février 2024 at 08:14

Goals
1 2 3 T
ST. LOUIS Blues 1 2 1 4
CALGARY Flames 1 1 1 3
Shots
1 2 3 T
ST. LOUIS Blues 10 8 10 28
CALGARY Flames 8 9 8 25

1st period

1. ST. LOUIS Blues , Damon Severson 3 (Gustav Forsling 5, Jonathan Marchessault 2) at 11:21 (PP)
2. CALGARY Flames , Charlie Coyle 2 (Darnell Nurse 4, Boone Jenner 2) at 19:50 (PP)

Penalties :
Jacob Markstrom (CGY) for Slashing (Minor) at 10:04 - Josh Brown served the penalty., Jack Roslovic (STL) for High sticking (Minor) at 15:33, Damon Severson (STL) for Tripping (Minor) at 19:09

2nd period

3. ST. LOUIS Blues , Gustav Forsling 2 (Damon Severson 3, Jack Roslovic 3) at 9:06 (PP)
4. ST. LOUIS Blues , Jonathan Marchessault 2 (Gustav Forsling 6, Roope Hintz 5) at 9:49
5. CALGARY Flames , Charlie McAvoy 2 (Charlie Coyle 7) at 18:48 (PP)

Penalties :
Brandon Tanev (STL) for Spearing (Major / Game Misconduct) at 2:36, Josh Brown (CGY) for Slashing (Minor) at 8:32, Jonathan Marchessault (STL) for Hooking (Minor) at 17:43

3rd period

6. CALGARY Flames , Charlie Coyle 3 (Quinn Hughes 6, Cole Perfetti 1) at 0:42
7. ST. LOUIS Blues , Oliver Bjorkstrand 1 (Oscar Klefbom 1, Evgeny Kuznetsov 4) at 7:33

Penalties :
Jamie Oleksiak (CGY) for High sticking (Minor) at 15:13

Goalie Stats

Filip Gustavsson (STL), 22 saves from 25 shots - (0,880), W, 4-2-0, 60:00 minutes
Jacob Markstrom (CGY), 24 saves from 28 shots - (0,857), L, 4-3-1, 60:00 minutes

Players Stats for ST. LOUIS Blues

Player Name              G  A  P  +/- PIM S  H  SB GA TA FO     MP     PP MP  PK MP  
------------------------------------------------------------------------------------
Brandon Tanev            0  0  0   0  15  1  1  0  0  0  0/0     6:44   0:00   0:00 
Calle Jarnkrok           0  0  0   1  0   3  0  0  0  0  0/0    17:24   0:00   2:30 
Colin Miller             0  0  0   0  0   0  1  0  0  0  0/0    13:20   0:00   0:00 
Damon Severson           1  1  2   1  2   2  4  1  0  0  0/0    22:20   1:05   3:49 
Erik Brannstrom          0  0  0   0  0   0  0  0  0  0  0/0     0:00   0:00   0:00 
Erik Gustafsson          0  0  0   0  0   0  2  1  0  0  0/0    14:56   0:00   0:50 
Erik Haula               0  0  0   0  0   1  2  1  0  0  2/4    16:33   1:32   3:28 
Erik Karlsson            0  0  0   0  0   3  1  0  0  0  0/0    22:46   2:45   4:08 
Evgeny Kuznetsov         0  1  1   1  0   2  2  0  0  0  15/25  18:26   2:18   0:38 
Gustav Forsling          1  2  3   1  0   2  2  3  0  0  0/0    22:34   1:05   4:49 
Jack Roslovic            0  1  1   0  2   1  1  1  0  0  11/26  20:05   1:32   3:34 
Jonathan Marchessault    1  1  2   0  2   2  1  0  0  0  1/3    21:14   2:18   2:19 
Kevin Labanc             0  0  0   0  0   0  2  0  0  0  1/1    14:35   0:00   0:21 
Marcus Johansson         0  0  0   0  0   3  0  1  0  0  0/0    14:14   0:00   0:00 
Oliver Bjorkstrand       1  0  1   1  0   4  0  1  0  0  0/1    16:26   1:32   0:00 
Oscar Klefbom            0  1  1   0  0   0  1  1  0  0  0/0    24:03   2:45   3:52 
Robby Fabbri             0  0  0   0  0   0  0  0  0  0  0/0     0:54   0:00   0:00 
Roope Hintz              0  1  1   0  0   4  0  0  0  0  7/23   24:38   2:18   4:38 

Players Stats for CALGARY Flames

Player Name              G  A  P  +/- PIM S  H  SB GA TA FO     MP     PP MP  PK MP  
------------------------------------------------------------------------------------
A.J. Greer               0  0  0  -1  0   0  1  0  0  0  0/0     7:29   0:00   0:00 
Alex Newhook             0  0  0  -1  0   5  0  0  0  0  0/0    18:13   3:38   0:00 
Alexei Toropchenko       0  0  0  -1  0   0  0  1  0  0  0/0     7:29   0:00   0:00 
Boone Jenner             0  1  1  -1  0   1  2  0  0  0  14/26  19:41   5:06   0:00 
Charlie Coyle            2  1  3   1  0   5  3  0  0  0  15/23  20:17   4:28   1:59 
Charlie McAvoy           1  0  1   0  0   2  1  3  0  0  0/0    24:10   4:09   2:03 
Cole Perfetti            0  1  1   1  0   0  1  0  0  0  0/1    14:28   0:38   0:00 
Daniel Sprong            0  0  0   1  0   3  0  1  0  0  0/0    17:28   3:38   0:00 
Darnell Nurse            0  1  1  -1  0   0  0  0  0  0  0/0    21:54   4:35   2:03 
Jamie Oleksiak           0  0  0  -1  2   1  3  1  0  0  0/0    20:43   4:35   0:53 
Johnathan Kovacevic      0  0  0   0  0   0  3  0  0  0  0/0    15:06   0:00   0:54 
Josh Brown               0  0  0   0  2   1  1  0  0  0  0/0    14:11   0:00   0:00 
Keegan Kolesar           0  0  0   0  0   0  1  0  0  0  1/1    13:23   0:00   1:51 
Lawson Crouse            0  0  0  -1  0   1  3  0  0  0  1/2    21:40   5:06   1:59 
Michael Rasmussen        0  0  0   0  0   2  1  0  0  0  10/23  17:01   3:38   1:51 
Philipp Kurashev         0  0  0   0  0   1  0  0  0  0  1/1    11:32   0:00   0:00 
Quinn Hughes             0  1  1   0  0   0  1  0  0  0  0/0    23:54   4:09   1:47 
Ty Dellandrea            0  0  0  -1  0   3  0  0  0  0  4/6     7:29   0:00   0:00 

3 Stars

1 - Charlie Coyle (CGY)
2 - Gustav Forsling (STL)
3 - Damon Severson (STL)

Power Play

ST. LOUIS Blues - 2 on 3 Attempt(s) - 66,67%
CALGARY Flames - 2 on 4 Attempt(s) - 50,00%

Penalty Kill

ST. LOUIS Blues - 2 on 4 Attempt(s) - 50,00% - Score 0 goal in Penalty Kill
CALGARY Flames - 1 on 3 Attempt(s) - 33,33% - Score 0 goal in Penalty Kill

Team Stat

ST. LOUIS Blues - Hits : 20 - Faceoff Wins : 37 - Blocked Shots : 10 - Penalty Minutes : 21
CALGARY Flames - Hits : 21 - Faceoff Wins : 46 - Blocked Shots : 6 - Penalty Minutes : 6

Official

Referees : Jordan Samuels-Thomas and Chris Lee
Linesman : Diana Mokhova and Jackie Spresser

Game Notes

Brandon Tanev (STL) for Spearing (Major / Game Misconduct) at 2:36
Brandon Tanev ejected from game at 2:36 of 2nd period

Finance

Level 1 -- Attendance: 4599 (76,65%) -- Ticket Income $459,900
Level 2 -- Attendance: 4365 (87,30%) -- Ticket Income $261,900
Level 3 -- Attendance: 2000 (100,00%) -- Ticket Income $70,000
Level 4 -- Attendance: 3838 (95,95%) -- Ticket Income $76,760
Luxury Box -- Attendance: 735 (73,50%) -- Ticket Income $147,000
Game was played at the Scotiabank Saddledome.
Total Attendance: 15537 (86,32%)
Total Ticket Income: $1,015,560
Other Income: $253,890
Total Income: $1,269,450

ST. LOUIS Blues

5 vs 5 Forward 
   Center                   Left Wing                Right Wing               Time % Phy DF OF 
 1 Roope Hintz              Brandon Tanev            Jonathan Marchessault    40     1   2  2  
 2 Evgeny Kuznetsov         Oliver Bjorkstrand       Calle Jarnkrok           30     1   2  2  
 3 Jack Roslovic            Marcus Johansson         Kevin Labanc             20     1   2  2  
 4 Roope Hintz              Erik Haula               Robby Fabbri             10     1   2  2  

5 vs 5 Defense 
   Defense                  Defense                                           Time % Phy DF OF 
 1 Oscar Klefbom            Erik Karlsson                                     40     1   2  2  
 2 Gustav Forsling          Damon Severson                                    30     1   2  2  
 3 Erik Gustafsson          Colin Miller                                      20     1   2  2  
 4 Oscar Klefbom            Damon Severson                                    10     1   2  2  

PowerPlay Forward 
   Center                   Left Wing                Right Wing               Time % Phy DF OF 
 1 Evgeny Kuznetsov         Roope Hintz              Jonathan Marchessault    50     1   1  3  
 2 Jack Roslovic            Erik Haula               Oliver Bjorkstrand       50     1   1  3  

PowerPlay Defense
   Defense                  Defense                                           Time % Phy DF OF 
 1 Oscar Klefbom            Erik Karlsson                                     60     1   1  3  
 2 Damon Severson           Gustav Forsling                                   40     1   1  3  

Penalty Kill 4 Players Forward 
   Center                   Wing                     Time % Phy DF OF 
 1 Roope Hintz              Jack Roslovic            60     1   3  1  
 2 Erik Haula               Jonathan Marchessault    40     1   3  1  

Penalty Kill 4 Players Defense
   Defense                  Defense                  Time % Phy DF OF 
 1 Oscar Klefbom            Gustav Forsling          60     1   2  2  
 2 Damon Severson           Erik Karlsson            40     1   2  2  

Penalty Kill - 3 Players Forward 
   Forward                                           Time % Phy DF OF 
 1 Roope Hintz                                       60     1   3  1  
 2 Erik Haula                                        40     1   3  1  

Penalty Kill - 3 Players Defense
   Defense                  Defense                  Time % Phy DF OF 
 1 Oscar Klefbom            Gustav Forsling          60     1   3  1  
 2 Damon Severson           Erik Karlsson            40     1   3  1  

4 vs 4 Forward 
   Center                   Wing                     Time % Phy DF OF 
 1 Roope Hintz              Brandon Tanev            60     1   2  2  
 2 Evgeny Kuznetsov         Jonathan Marchessault    40     1   2  2  

4 vs 4 Defense
   Defense                  Defense                  Time % Phy DF OF 
 1 Oscar Klefbom            Erik Karlsson            60     1   2  2  
 2 Damon Severson           Gustav Forsling          40     1   2  2  

Last Minutes Offensive
   Center                   Left Wing                Right Wing               Defense                  Defense                  
   Evgeny Kuznetsov         Roope Hintz              Jonathan Marchessault    Oscar Klefbom            Erik Karlsson            

Last Minutes Defensive
   Center                   Left Wing                Right Wing               Defense                  Defense                  
   Roope Hintz              Oliver Bjorkstrand       Calle Jarnkrok           Oscar Klefbom            Gustav Forsling          

Goaltenders
Starting : Filip Gustavsson         
Backup : Marc-Andre Fleury        

Extra Forwards
Normal : Erik Haula, Roope Hintz, Evgeny Kuznetsov - PP : Erik Haula, Jack Roslovic - PK : Roope Hintz
Extra Defensemen
Normal : Oscar Klefbom, Gustav Forsling, Damon Severson - PP : Gustav Forsling - PK : Gustav Forsling, Damon Severson
Penalty Shots
Roope Hintz, Jonathan Marchessault, Evgeny Kuznetsov, Erik Haula, Jack Roslovic

Scratches
None

CALGARY Flames

5 vs 5 Forward 
   Center                   Left Wing                Right Wing               Time % Phy DF OF 
 1 Boone Jenner             Alex Newhook             Lawson Crouse            30     2   1  2  
 2 Charlie Coyle            Cole Perfetti            Daniel Sprong            30     1   1  3  
 3 Michael Rasmussen        Philipp Kurashev         Keegan Kolesar           25     2   1  2  
 4 Ty Dellandrea            Alexei Toropchenko       A.J. Greer               15     2   1  2  

5 vs 5 Defense 
   Defense                  Defense                                           Time % Phy DF OF 
 1 Quinn Hughes             Charlie McAvoy                                    40     1   2  2  
 2 Darnell Nurse            Jamie Oleksiak                                    30     2   2  1  
 3 Johnathan Kovacevic      Josh Brown                                        25     3   2  0  
 4 Darnell Nurse            Jamie Oleksiak                                    5      2   2  1  

PowerPlay Forward 
   Center                   Left Wing                Right Wing               Time % Phy DF OF 
 1 Boone Jenner             Lawson Crouse            Charlie Coyle            55     1   0  4  
 2 Michael Rasmussen        Alex Newhook             Daniel Sprong            45     1   0  4  

PowerPlay Defense
   Defense                  Defense                                           Time % Phy DF OF 
 1 Quinn Hughes             Charlie McAvoy                                    60     1   2  2  
 2 Darnell Nurse            Jamie Oleksiak                                    40     1   2  2  

Penalty Kill 4 Players Forward 
   Center                   Wing                     Time % Phy DF OF 
 1 Charlie Coyle            Lawson Crouse            50     1   3  1  
 2 Michael Rasmussen        Keegan Kolesar           50     2   3  0  

Penalty Kill 4 Players Defense
   Defense                  Defense                  Time % Phy DF OF 
 1 Darnell Nurse            Charlie McAvoy           60     1   2  2  
 2 Quinn Hughes             Jamie Oleksiak           40     1   2  2  

Penalty Kill - 3 Players Forward 
   Forward                                           Time % Phy DF OF 
 1 Charlie Coyle                                     50     1   4  0  
 2 Michael Rasmussen                                 50     1   4  0  

Penalty Kill - 3 Players Defense
   Defense                  Defense                  Time % Phy DF OF 
 1 Darnell Nurse            Charlie McAvoy           60     1   2  2  
 2 Quinn Hughes             Jamie Oleksiak           40     1   2  2  

4 vs 4 Forward 
   Center                   Wing                     Time % Phy DF OF 
 1 Boone Jenner             Lawson Crouse            50     2   1  2  
 2 Charlie Coyle            Daniel Sprong            50     1   1  3  

4 vs 4 Defense
   Defense                  Defense                  Time % Phy DF OF 
 1 Quinn Hughes             Charlie McAvoy           55     1   2  2  
 2 Darnell Nurse            Jamie Oleksiak           45     1   2  2  

Last Minutes Offensive
   Center                   Left Wing                Right Wing               Defense                  Defense                  
   Boone Jenner             Lawson Crouse            Charlie Coyle            Quinn Hughes             Charlie McAvoy           

Last Minutes Defensive
   Center                   Left Wing                Right Wing               Defense                  Defense                  
   Charlie Coyle            Michael Rasmussen        Lawson Crouse            Darnell Nurse            Charlie McAvoy           

Goaltenders
Starting : Jacob Markstrom          
Backup : Stuart Skinner           

Extra Forwards
Normal : Charlie Coyle, Boone Jenner, Michael Rasmussen - PP : Cole Perfetti, Michael Rasmussen - PK : Boone Jenner
Extra Defensemen
Normal : Jamie Oleksiak, Johnathan Kovacevic, Josh Brown - PP : Jamie Oleksiak - PK : Jamie Oleksiak, Johnathan Kovacevic
Penalty Shots
Alex Newhook, Boone Jenner, Quinn Hughes, Charlie McAvoy, Daniel Sprong

Scratches
Jacob Bryson (Healthy), Jake Muzzin (Healthy)

% Time on Ice - ST. LOUIS Blues

Lines # - Real PCT - Wanted PCT - Time Play
Normal Forward
1 - 36% - 40% - 16:38
2 - 32% - 30% - 14:54
3 - 31% - 20% - 14:14
4 - 2% - 10% - 0:54
Normal Defense
1 - 34% - 40% - 15:53
2 - 36% - 30% - 16:40
3 - 29% - 20% - 13:20
4 - 2% - 10% - 0:47
PP Forward
1 - 60% - 50% - 2:18
2 - 40% - 50% - 1:32
PP Defense
1 - 72% - 60% - 2:45
2 - 28% - 40% - 1:05
PK Forward
1 - 73% - 60% - 6:25
2 - 27% - 40% - 2:19
PK Defense
1 - 53% - 60% - 4:36
2 - 47% - 40% - 4:08
PK3 Forward
1 - 0% - 60%
2 - 0% - 40%
PK3 Defense
1 - 0% - 60%
2 - 0% - 40%
44 Forward
1 - 0% - 60%
2 - 0% - 40%
44 Defense
1 - 0% - 60%
2 - 0% - 40%
Last Minute Offensive  - 0:00
Last Minute Defensive  - 0:46
Total
Forward - 60:00
Defense - 60:00

% Time on Ice - CALGARY Flames

Lines # - Real PCT - Wanted PCT - Time Play
Normal Forward
1 - 31% - 30% - 14:35
2 - 29% - 30% - 13:50
3 - 24% - 25% - 11:32
4 - 16% - 15% - 7:29
Normal Defense
1 - 38% - 40% - 17:58
2 - 31% - 30% - 14:30
3 - 30% - 25% - 14:12
4 - 2% - 5% - 0:46
PP Forward
1 - 58% - 55% - 5:06
2 - 42% - 45% - 3:38
PP Defense
1 - 48% - 60% - 4:09
2 - 52% - 40% - 4:35
PK Forward
1 - 52% - 50% - 1:59
2 - 48% - 50% - 1:51
PK Defense
1 - 53% - 60% - 2:03
2 - 47% - 40% - 1:47
PK3 Forward
1 - 0% - 50%
2 - 0% - 50%
PK3 Defense
1 - 0% - 60%
2 - 0% - 40%
44 Forward
1 - 0% - 50%
2 - 0% - 50%
44 Defense
1 - 0% - 55%
2 - 0% - 45%
Last Minute Offensive  - 0:00
Last Minute Defensive  - 0:00
Total
Forward - 60:00
Defense - 60:00

Play-by-Play

1st period


0:01 of 1st period - Boone Jenner wins face-off versus Roope Hintz in neutral zone.
0:06 of 1st period - Brandon Tanev is hit by Lawson Crouse.
0:22 of 1st period - Shot by Roope Hintz.
0:22 of 1st period - Stopped by Jacob Markstrom without a rebound.
0:23 of 1st period - Charlie Coyle wins face-off versus Evgeny Kuznetsov in CALGARY Flames zone.
0:43 of 1st period - Shot by Evgeny Kuznetsov.
0:43 of 1st period - Stopped by Jacob Markstrom without a rebound.
0:44 of 1st period - Jack Roslovic wins face-off versus Michael Rasmussen in CALGARY Flames zone.
2:33 of 1st period - Brandon Tanev is hit by Charlie Coyle and loses puck.
3:04 of 1st period - Shot by Daniel Sprong.
3:04 of 1st period - Shot Misses the Net.
3:11 of 1st period - Erik Karlsson is hit by Jamie Oleksiak and loses puck.
3:34 of 1st period - Shot by Calle Jarnkrok.
3:34 of 1st period - Deflect By Oliver Bjorkstrand.
3:34 of 1st period - Stopped by Jacob Markstrom without a rebound.
3:35 of 1st period - Boone Jenner wins face-off versus Evgeny Kuznetsov in CALGARY Flames zone.
3:35 of 1st period - Boone Jenner is hit by Evgeny Kuznetsov.
4:39 of 1st period - Philipp Kurashev is hit by Erik Karlsson and loses puck.
5:19 of 1st period - Josh Brown is hit by Evgeny Kuznetsov and loses puck.
5:46 of 1st period - Shot by Ty Dellandrea.
5:46 of 1st period - Stopped by Filip Gustavsson without a rebound.
5:47 of 1st period - Kevin Labanc wins face-off versus Charlie Coyle in ST. LOUIS Blues zone.
6:11 of 1st period - Icing by Erik Gustafsson.
6:12 of 1st period - Jack Roslovic wins face-off versus Boone Jenner in ST. LOUIS Blues zone.
6:12 of 1st period - Jack Roslovic is hit by Lawson Crouse.
6:45 of 1st period - Off-side.
6:46 of 1st period - Charlie Coyle wins face-off versus Roope Hintz in neutral zone.
6:57 of 1st period - Shot by Cole Perfetti.
6:57 of 1st period - Shot Misses the Net.
7:45 of 1st period - Shot by Michael Rasmussen.
7:45 of 1st period - Stopped by Filip Gustavsson with a rebound.
7:57 of 1st period - Shot by Michael Rasmussen.
7:57 of 1st period - Shot Misses the Net.
7:59 of 1st period - Shot by Josh Brown.
7:59 of 1st period - Stopped by Filip Gustavsson without a rebound.
8:00 of 1st period - Boone Jenner wins face-off versus Evgeny Kuznetsov in ST. LOUIS Blues zone.
8:08 of 1st period - Icing by Gustav Forsling.
8:09 of 1st period - Boone Jenner wins face-off versus Evgeny Kuznetsov in ST. LOUIS Blues zone.
8:24 of 1st period - Shot by Calle Jarnkrok.
8:24 of 1st period - Shot Misses the Net.
8:26 of 1st period - Shot by Damon Severson.
8:26 of 1st period - Shot Misses the Net.
8:39 of 1st period - Off-side.
8:40 of 1st period - Ty Dellandrea wins face-off versus Jack Roslovic in neutral zone.
8:51 of 1st period - Shot by Ty Dellandrea.
8:51 of 1st period - Shot Misses the Net.
9:26 of 1st period - Off-side.
9:27 of 1st period - Boone Jenner wins face-off versus Evgeny Kuznetsov in neutral zone.
9:34 of 1st period - Shot by Calle Jarnkrok.
9:34 of 1st period - Stopped by Jacob Markstrom without a rebound.
9:35 of 1st period - Roope Hintz wins face-off versus Boone Jenner in CALGARY Flames zone.
9:40 of 1st period - Shot by Brandon Tanev.
9:40 of 1st period - Shot Misses the Net.
10:00 of 1st period - Shot by Roope Hintz.
10:00 of 1st period - Shot Misses the Net.
10:02 of 1st period - Shot by Brandon Tanev.
10:02 of 1st period - Stopped by Jacob Markstrom with a rebound.
10:04 of 1st period - Shot by Roope Hintz.
10:04 of 1st period - Stopped by Jacob Markstrom without a rebound.
10:04 of 1st period - Minor Penalty to Jacob Markstrom for Slashing.
10:05 of 1st period - Keegan Kolesar wins face-off versus Jack Roslovic in CALGARY Flames zone.
10:16 of 1st period - Shot by Erik Karlsson.
10:16 of 1st period - Shot Blocked by Charlie McAvoy.
10:18 of 1st period - Shot by Erik Karlsson.
10:18 of 1st period - Shot Misses the Net.
11:09 of 1st period - Shot by Evgeny Kuznetsov.
11:09 of 1st period - Shot Blocked by Jamie Oleksiak.
11:17 of 1st period - Shot by Gustav Forsling.
11:17 of 1st period - Shot Misses the Net.
11:21 of 1st period - Shot by Damon Severson.
11:21 of 1st period - Goal by Damon Severson - ST. LOUIS Blues : 1 - CALGARY Flames : 0.
11:22 of 1st period - Ty Dellandrea wins face-off versus Jonathan Marchessault in neutral zone.
11:27 of 1st period - Shot by Josh Brown.
11:27 of 1st period - Shot Misses the Net.
11:29 of 1st period - Shot by Ty Dellandrea.
11:29 of 1st period - Shot Misses the Net.
11:31 of 1st period - Shot by Ty Dellandrea.
11:31 of 1st period - Stopped by Filip Gustavsson without a rebound.
11:32 of 1st period - Evgeny Kuznetsov wins face-off versus Michael Rasmussen in ST. LOUIS Blues zone.
11:40 of 1st period - Gustav Forsling is hit by Josh Brown and loses puck.
12:22 of 1st period - Icing by Damon Severson.
12:23 of 1st period - Evgeny Kuznetsov wins face-off versus Cole Perfetti in ST. LOUIS Blues zone.
12:36 of 1st period - Icing by Daniel Sprong.
12:37 of 1st period - Roope Hintz wins face-off versus Charlie Coyle in CALGARY Flames zone.
12:43 of 1st period - Icing by Jamie Oleksiak.
12:44 of 1st period - Charlie Coyle wins face-off versus Roope Hintz in CALGARY Flames zone.
13:05 of 1st period - Shot by Daniel Sprong.
13:05 of 1st period - Shot Blocked by Oscar Klefbom.
13:07 of 1st period - Shot by Cole Perfetti.
13:07 of 1st period - Shot Misses the Net.
13:48 of 1st period - Jonathan Marchessault is hit by Charlie McAvoy and loses puck.
13:52 of 1st period - Icing by Charlie McAvoy.
13:53 of 1st period - Evgeny Kuznetsov wins face-off versus Boone Jenner in CALGARY Flames zone.
14:34 of 1st period - Shot by Calle Jarnkrok.
14:34 of 1st period - Stopped by Jacob Markstrom without a rebound.
14:35 of 1st period - Jack Roslovic wins face-off versus Michael Rasmussen in CALGARY Flames zone.
14:36 of 1st period - Shot by Marcus Johansson.
14:36 of 1st period - Stopped by Jacob Markstrom without a rebound.
14:37 of 1st period - Michael Rasmussen wins face-off versus Jack Roslovic in CALGARY Flames zone.
14:41 of 1st period - Icing by Keegan Kolesar.
14:42 of 1st period - Michael Rasmussen wins face-off versus Jack Roslovic in CALGARY Flames zone.
14:42 of 1st period - Philipp Kurashev is hit by Jack Roslovic and loses puck.
14:58 of 1st period - Keegan Kolesar is hit by Colin Miller.
15:11 of 1st period - Keegan Kolesar is hit by Erik Gustafsson and loses puck.
15:18 of 1st period - Shot by Michael Rasmussen.
15:18 of 1st period - Shot Misses the Net.
15:32 of 1st period - Darnell Nurse is hit by Kevin Labanc and loses puck.
15:33 of 1st period - Minor Penalty to Jack Roslovic for High sticking.
15:34 of 1st period - Boone Jenner wins face-off versus Roope Hintz in ST. LOUIS Blues zone.
15:35 of 1st period - Shot by Charlie Coyle.
15:35 of 1st period - Stopped by Filip Gustavsson without a rebound.
15:36 of 1st period - Boone Jenner wins face-off versus Roope Hintz in ST. LOUIS Blues zone.
15:43 of 1st period - Shot by Charlie McAvoy.
15:43 of 1st period - Shot Misses the Net.
15:45 of 1st period - Shot by Charlie McAvoy.
15:45 of 1st period - Stopped by Filip Gustavsson with a rebound.
15:55 of 1st period - Shot by Quinn Hughes.
15:55 of 1st period - Shot Blocked by Gustav Forsling.
16:07 of 1st period - Shot by Quinn Hughes.
16:07 of 1st period - Shot Misses the Net.
16:50 of 1st period - Off-side.
16:51 of 1st period - Michael Rasmussen wins face-off versus Roope Hintz in neutral zone.
16:56 of 1st period - Shot by Alex Newhook.
16:56 of 1st period - Stopped by Filip Gustavsson without a rebound.
16:57 of 1st period - Lawson Crouse wins face-off versus Roope Hintz in ST. LOUIS Blues zone.
17:12 of 1st period - Calle Jarnkrok is hit by Charlie Coyle and loses puck.
17:49 of 1st period - Icing by Colin Miller.
17:50 of 1st period - Jack Roslovic wins face-off versus Michael Rasmussen in ST. LOUIS Blues zone.
17:50 of 1st period - Erik Gustafsson is hit by Keegan Kolesar and loses puck.
18:07 of 1st period - Shot by Jack Roslovic.
18:07 of 1st period - Deflect By Marcus Johansson.
18:07 of 1st period - Stopped by Jacob Markstrom without a rebound.
18:08 of 1st period - Roope Hintz wins face-off versus Ty Dellandrea in CALGARY Flames zone.
18:32 of 1st period - Icing by Ty Dellandrea.
18:33 of 1st period - Ty Dellandrea wins face-off versus Jack Roslovic in CALGARY Flames zone.
18:37 of 1st period - A.J. Greer is hit by Damon Severson and loses puck.
18:55 of 1st period - Icing by Jack Roslovic.
18:56 of 1st period - Charlie Coyle wins face-off versus Jack Roslovic in ST. LOUIS Blues zone.
18:56 of 1st period - Charlie Coyle is hit by Damon Severson.
19:09 of 1st period - Minor Penalty to Damon Severson for Tripping.
19:10 of 1st period - Roope Hintz wins face-off versus Boone Jenner in ST. LOUIS Blues zone.
19:18 of 1st period - Icing by Jamie Oleksiak.
19:19 of 1st period - Roope Hintz wins face-off versus Boone Jenner in CALGARY Flames zone.
19:50 of 1st period - Shot by Charlie Coyle.
19:50 of 1st period - Goal by Charlie Coyle - ST. LOUIS Blues : 1 - CALGARY Flames : 1.
19:51 of 1st period - Evgeny Kuznetsov wins face-off versus Michael Rasmussen in neutral zone.
Goals for this period are 1 for ST. LOUIS Blues vs 1 for CALGARY Flames.
Shots for this period are 10 for ST. LOUIS Blues vs 8 for CALGARY Flames.

2nd period


0:01 of 2nd period - Boone Jenner wins face-off versus Roope Hintz in neutral zone.
0:30 of 2nd period - Alex Newhook is hit by Brandon Tanev and loses puck.
0:43 of 2nd period - Shot by Alex Newhook.
0:43 of 2nd period - Stopped by Filip Gustavsson without a rebound.
0:44 of 2nd period - Charlie Coyle wins face-off versus Evgeny Kuznetsov in ST. LOUIS Blues zone.
0:49 of 2nd period - Shot by Charlie Coyle.
0:49 of 2nd period - Shot Blocked by Oliver Bjorkstrand.
1:05 of 2nd period - Shot by Cole Perfetti.
1:05 of 2nd period - Shot Misses the Net.
1:07 of 2nd period - Shot by Jamie Oleksiak.
1:07 of 2nd period - Shot Misses the Net.
1:09 of 2nd period - Shot by Daniel Sprong.
1:09 of 2nd period - Shot Misses the Net.
1:11 of 2nd period - Shot by Jamie Oleksiak.
1:11 of 2nd period - Stopped by Filip Gustavsson with a rebound.
1:13 of 2nd period - Shot by Charlie Coyle.
1:13 of 2nd period - Stopped by Filip Gustavsson without a rebound.
1:14 of 2nd period - Michael Rasmussen wins face-off versus Jack Roslovic in ST. LOUIS Blues zone.
1:21 of 2nd period - Shot by Keegan Kolesar.
1:21 of 2nd period - Shot Misses the Net.
2:36 of 2nd period - Major / Game Misconduct Penalty to Brandon Tanev for Spearing.
2:36 of 2nd period - Brandon Tanev is ejected from game.
2:37 of 2nd period - Boone Jenner wins face-off versus Jack Roslovic in ST. LOUIS Blues zone.
3:13 of 2nd period - Shot by Darnell Nurse.
3:13 of 2nd period - Shot Misses the Net.
3:33 of 2nd period - Shot by Alex Newhook.
3:33 of 2nd period - Deflect By Daniel Sprong.
3:33 of 2nd period - Shot Blocked by Jack Roslovic.
3:37 of 2nd period - Shot by Michael Rasmussen.
3:37 of 2nd period - Deflect By Daniel Sprong.
3:37 of 2nd period - Stopped by Filip Gustavsson without a rebound.
3:38 of 2nd period - Erik Haula wins face-off versus Michael Rasmussen in ST. LOUIS Blues zone.
4:00 of 2nd period - Shot by Charlie McAvoy.
4:00 of 2nd period - Deflect By Daniel Sprong.
4:00 of 2nd period - Shot Blocked by Erik Haula.
5:22 of 2nd period - Icing by Jamie Oleksiak.
5:23 of 2nd period - Roope Hintz wins face-off versus Boone Jenner in CALGARY Flames zone.
5:54 of 2nd period - Erik Karlsson is hit by Michael Rasmussen and loses puck.
6:14 of 2nd period - Icing by Charlie McAvoy.
6:15 of 2nd period - Michael Rasmussen wins face-off versus Erik Haula in CALGARY Flames zone.
6:34 of 2nd period - Shot by Daniel Sprong.
6:34 of 2nd period - Shot Misses the Net.
6:56 of 2nd period - Icing by Cole Perfetti.
6:57 of 2nd period - Boone Jenner wins face-off versus Erik Haula in CALGARY Flames zone.
8:06 of 2nd period - Oliver Bjorkstrand is hit by Johnathan Kovacevic and loses puck.
8:32 of 2nd period - Minor Penalty to Josh Brown for Slashing.
8:33 of 2nd period - Jonathan Marchessault wins face-off versus Michael Rasmussen in CALGARY Flames zone.
8:34 of 2nd period - Shot by Erik Karlsson.
8:34 of 2nd period - Shot Misses the Net.
8:42 of 2nd period - Shot by Erik Karlsson.
8:42 of 2nd period - Shot Misses the Net.
8:50 of 2nd period - Shot by Roope Hintz.
8:50 of 2nd period - Shot Blocked by Charlie McAvoy.
8:54 of 2nd period - Shot by Erik Karlsson.
8:54 of 2nd period - Stopped by Jacob Markstrom without a rebound.
8:55 of 2nd period - Charlie Coyle wins face-off versus Jack Roslovic in CALGARY Flames zone.
9:02 of 2nd period - Shot by Gustav Forsling.
9:02 of 2nd period - Shot Misses the Net.
9:04 of 2nd period - Shot by Damon Severson.
9:04 of 2nd period - Shot Misses the Net.
9:06 of 2nd period - Shot by Gustav Forsling.
9:06 of 2nd period - Goal by Gustav Forsling - ST. LOUIS Blues : 2 - CALGARY Flames : 1.
9:07 of 2nd period - Jack Roslovic wins face-off versus Charlie Coyle in neutral zone.
9:07 of 2nd period - Erik Gustafsson is hit by Cole Perfetti and loses puck.
9:12 of 2nd period - Shot by Marcus Johansson.
9:12 of 2nd period - Stopped by Jacob Markstrom without a rebound.
9:13 of 2nd period - Boone Jenner wins face-off versus Roope Hintz in CALGARY Flames zone.
9:33 of 2nd period - Shot by Alex Newhook.
9:33 of 2nd period - Shot Misses the Net.
9:49 of 2nd period - Shot by Jonathan Marchessault.
9:49 of 2nd period - Goal by Jonathan Marchessault - ST. LOUIS Blues : 3 - CALGARY Flames : 1.
9:50 of 2nd period - Evgeny Kuznetsov wins face-off versus Charlie Coyle in neutral zone.
10:09 of 2nd period - Shot by Daniel Sprong.
10:09 of 2nd period - Shot Misses the Net.
10:16 of 2nd period - Off-side.
10:17 of 2nd period - Michael Rasmussen wins face-off versus Jack Roslovic in neutral zone.
11:08 of 2nd period - Kevin Labanc is hit by Lawson Crouse and loses puck.
11:26 of 2nd period - Shot by Erik Haula.
11:26 of 2nd period - Stopped by Jacob Markstrom without a rebound.
11:27 of 2nd period - Charlie Coyle wins face-off versus Roope Hintz in CALGARY Flames zone.
11:35 of 2nd period - Shot by Erik Karlsson.
11:35 of 2nd period - Stopped by Jacob Markstrom without a rebound.
11:36 of 2nd period - Roope Hintz wins face-off versus Lawson Crouse in CALGARY Flames zone.
11:36 of 2nd period - Roope Hintz is hit by Quinn Hughes.
11:38 of 2nd period - Shot by Jonathan Marchessault.
11:38 of 2nd period - Shot Misses the Net.
11:44 of 2nd period - Shot by Roope Hintz.
11:44 of 2nd period - Stopped by Jacob Markstrom without a rebound.
11:45 of 2nd period - Erik Haula wins face-off versus Charlie Coyle in CALGARY Flames zone.
12:06 of 2nd period - Shot by Charlie Coyle.
12:06 of 2nd period - Stopped by Filip Gustavsson with a rebound.
12:14 of 2nd period - Shot by Roope Hintz.
12:14 of 2nd period - Shot Misses the Net.
13:11 of 2nd period - Shot by Calle Jarnkrok.
13:11 of 2nd period - Stopped by Jacob Markstrom without a rebound.
13:12 of 2nd period - Michael Rasmussen wins face-off versus Jack Roslovic in CALGARY Flames zone.
13:21 of 2nd period - Shot by Michael Rasmussen.
13:21 of 2nd period - Shot Blocked by Marcus Johansson.
13:25 of 2nd period - Shot by Keegan Kolesar.
13:25 of 2nd period - Shot Misses the Net.
13:27 of 2nd period - Shot by Philipp Kurashev.
13:27 of 2nd period - Stopped by Filip Gustavsson without a rebound.
13:28 of 2nd period - Ty Dellandrea wins face-off versus Evgeny Kuznetsov in ST. LOUIS Blues zone.
13:28 of 2nd period - Ty Dellandrea is hit by Damon Severson.
14:02 of 2nd period - Shot by Oliver Bjorkstrand.
14:02 of 2nd period - Shot Misses the Net.
14:44 of 2nd period - Colin Miller is hit by Boone Jenner and loses puck.
15:51 of 2nd period - Shot by Daniel Sprong.
15:51 of 2nd period - Stopped by Filip Gustavsson without a rebound.
15:52 of 2nd period - Philipp Kurashev wins face-off versus Evgeny Kuznetsov in ST. LOUIS Blues zone.
16:44 of 2nd period - Icing by Calle Jarnkrok.
16:45 of 2nd period - Boone Jenner wins face-off versus Oliver Bjorkstrand in ST. LOUIS Blues zone.
16:50 of 2nd period - Shot by Alex Newhook.
16:50 of 2nd period - Stopped by Filip Gustavsson without a rebound.
16:51 of 2nd period - Boone Jenner wins face-off versus Jonathan Marchessault in ST. LOUIS Blues zone.
17:43 of 2nd period - Minor Penalty to Jonathan Marchessault for Hooking.
17:44 of 2nd period - Michael Rasmussen wins face-off versus Roope Hintz in ST. LOUIS Blues zone.
17:45 of 2nd period - Shot by Darnell Nurse.
17:45 of 2nd period - Shot Misses the Net.
18:10 of 2nd period - Evgeny Kuznetsov is hit by Jamie Oleksiak and loses puck.
18:48 of 2nd period - Shot by Charlie McAvoy.
18:48 of 2nd period - Goal by Charlie McAvoy - ST. LOUIS Blues : 3 - CALGARY Flames : 2.
18:49 of 2nd period - Evgeny Kuznetsov wins face-off versus Ty Dellandrea in neutral zone.
18:49 of 2nd period - Oliver Bjorkstrand is hit by A.J. Greer and loses puck.
19:49 of 2nd period - Alexei Toropchenko is hit by Gustav Forsling and loses puck.
Goals for this period are 2 for ST. LOUIS Blues vs 1 for CALGARY Flames.
Shots for this period are 8 for ST. LOUIS Blues vs 9 for CALGARY Flames.

3rd period


0:01 of 3rd period - Charlie Coyle wins face-off versus Roope Hintz in neutral zone.
0:01 of 3rd period - Charlie Coyle is hit by Erik Haula.
0:42 of 3rd period - Shot by Charlie Coyle.
0:42 of 3rd period - Goal by Charlie Coyle - ST. LOUIS Blues : 3 - CALGARY Flames : 3.
0:43 of 3rd period - Evgeny Kuznetsov wins face-off versus Boone Jenner in neutral zone.
1:11 of 3rd period - Oliver Bjorkstrand is hit by Boone Jenner and loses puck.
1:20 of 3rd period - Shot by Boone Jenner.
1:20 of 3rd period - Deflect By Lawson Crouse.
1:20 of 3rd period - Shot Blocked by Gustav Forsling.
1:22 of 3rd period - Shot by Darnell Nurse.
1:22 of 3rd period - Deflect By Alex Newhook.
1:22 of 3rd period - Shot Misses the Net.
1:24 of 3rd period - Shot by Lawson Crouse.
1:24 of 3rd period - Stopped by Filip Gustavsson without a rebound.
1:25 of 3rd period - Jack Roslovic wins face-off versus Michael Rasmussen in ST. LOUIS Blues zone.
2:43 of 3rd period - Shot by Jonathan Marchessault.
2:43 of 3rd period - Stopped by Jacob Markstrom without a rebound.
2:44 of 3rd period - Evgeny Kuznetsov wins face-off versus Boone Jenner in CALGARY Flames zone.
2:47 of 3rd period - Shot by Oliver Bjorkstrand.
2:47 of 3rd period - Stopped by Jacob Markstrom without a rebound.
2:48 of 3rd period - Evgeny Kuznetsov wins face-off versus Charlie Coyle in CALGARY Flames zone.
2:51 of 3rd period - Shot by Oliver Bjorkstrand.
2:51 of 3rd period - Deflect By Calle Jarnkrok.
2:51 of 3rd period - Shot Misses the Net.
2:54 of 3rd period - Icing by Jamie Oleksiak.
2:55 of 3rd period - Charlie Coyle wins face-off versus Roope Hintz in CALGARY Flames zone.
2:57 of 3rd period - Darnell Nurse is hit by Erik Haula and loses puck.
3:18 of 3rd period - Shot by Charlie Coyle.
3:18 of 3rd period - Shot Blocked by Damon Severson.
3:36 of 3rd period - Shot by Charlie Coyle.
3:36 of 3rd period - Shot Misses the Net.
3:38 of 3rd period - Shot by Charlie Coyle.
3:38 of 3rd period - Shot Blocked by Gustav Forsling.
3:57 of 3rd period - Icing by Charlie McAvoy.
3:58 of 3rd period - Evgeny Kuznetsov wins face-off versus Boone Jenner in CALGARY Flames zone.
4:14 of 3rd period - Off-side.
4:15 of 3rd period - Jack Roslovic wins face-off versus Michael Rasmussen in neutral zone.
4:28 of 3rd period - Shot by Michael Rasmussen.
4:28 of 3rd period - Stopped by Filip Gustavsson without a rebound.
4:29 of 3rd period - Evgeny Kuznetsov wins face-off versus Charlie Coyle in ST. LOUIS Blues zone.
4:29 of 3rd period - Evgeny Kuznetsov is hit by Charlie Coyle.
4:37 of 3rd period - Shot by Charlie McAvoy.
4:37 of 3rd period - Shot Misses the Net.
5:40 of 3rd period - Damon Severson is hit by Jamie Oleksiak and loses puck.
6:17 of 3rd period - Shot by Alex Newhook.
6:17 of 3rd period - Stopped by Filip Gustavsson without a rebound.
6:18 of 3rd period - Michael Rasmussen wins face-off versus Jack Roslovic in ST. LOUIS Blues zone.
6:18 of 3rd period - Michael Rasmussen is hit by Erik Gustafsson.
6:30 of 3rd period - Shot by Michael Rasmussen.
6:30 of 3rd period - Shot Blocked by Erik Gustafsson.
7:31 of 3rd period - Shot by Evgeny Kuznetsov.
7:31 of 3rd period - Shot Blocked by Alexei Toropchenko.
7:33 of 3rd period - Shot by Oscar Klefbom.
7:33 of 3rd period - Deflect By Oliver Bjorkstrand.
7:33 of 3rd period - Goal by Oliver Bjorkstrand - ST. LOUIS Blues : 4 - CALGARY Flames : 3.
7:34 of 3rd period - Boone Jenner wins face-off versus Evgeny Kuznetsov in neutral zone.
7:48 of 3rd period - Shot by Alex Newhook.
7:48 of 3rd period - Stopped by Filip Gustavsson without a rebound.
7:49 of 3rd period - Charlie Coyle wins face-off versus Roope Hintz in ST. LOUIS Blues zone.
7:50 of 3rd period - Shot by Daniel Sprong.
7:50 of 3rd period - Stopped by Filip Gustavsson without a rebound.
7:51 of 3rd period - Charlie Coyle wins face-off versus Roope Hintz in ST. LOUIS Blues zone.
7:51 of 3rd period - Charlie Coyle is hit by Oscar Klefbom.
8:04 of 3rd period - Off-side.
8:05 of 3rd period - Evgeny Kuznetsov wins face-off versus Boone Jenner in neutral zone.
9:20 of 3rd period - Shot by Jonathan Marchessault.
9:20 of 3rd period - Shot Blocked by Daniel Sprong.
9:27 of 3rd period - Charlie McAvoy is hit by Jonathan Marchessault and loses puck.
9:42 of 3rd period - Shot by Charlie Coyle.
9:42 of 3rd period - Shot Misses the Net.
10:06 of 3rd period - Shot by Philipp Kurashev.
10:06 of 3rd period - Shot Misses the Net.
11:08 of 3rd period - Shot by Damon Severson.
11:08 of 3rd period - Stopped by Jacob Markstrom with a rebound.
11:10 of 3rd period - Shot by Calle Jarnkrok.
11:10 of 3rd period - Shot Misses the Net.
11:12 of 3rd period - Shot by Oliver Bjorkstrand.
11:12 of 3rd period - Stopped by Jacob Markstrom without a rebound.
11:13 of 3rd period - Jack Roslovic wins face-off versus Boone Jenner in CALGARY Flames zone.
11:24 of 3rd period - Shot by Jack Roslovic.
11:24 of 3rd period - Stopped by Jacob Markstrom without a rebound.
11:25 of 3rd period - Charlie Coyle wins face-off versus Jack Roslovic in CALGARY Flames zone.
11:25 of 3rd period - Charlie Coyle is hit by Kevin Labanc.
12:59 of 3rd period - Shot by Evgeny Kuznetsov.
12:59 of 3rd period - Shot Blocked by Charlie McAvoy.
13:29 of 3rd period - Icing by Johnathan Kovacevic.
13:30 of 3rd period - Michael Rasmussen wins face-off versus Jack Roslovic in CALGARY Flames zone.
13:56 of 3rd period - Michael Rasmussen is hit by Gustav Forsling.
13:59 of 3rd period - Keegan Kolesar is hit by Damon Severson.
14:18 of 3rd period - Icing by Gustav Forsling.
14:19 of 3rd period - Charlie Coyle wins face-off versus Jack Roslovic in ST. LOUIS Blues zone.
14:27 of 3rd period - Icing by Gustav Forsling.
14:28 of 3rd period - Jack Roslovic wins face-off versus Boone Jenner in ST. LOUIS Blues zone.
14:54 of 3rd period - Shot by Boone Jenner.
14:54 of 3rd period - Stopped by Filip Gustavsson without a rebound.
14:55 of 3rd period - Charlie Coyle wins face-off versus Roope Hintz in ST. LOUIS Blues zone.
15:13 of 3rd period - Minor Penalty to Jamie Oleksiak for High sticking.
15:14 of 3rd period - Evgeny Kuznetsov wins face-off versus Michael Rasmussen in CALGARY Flames zone.
15:51 of 3rd period - Shot by Evgeny Kuznetsov.
15:51 of 3rd period - Stopped by Jacob Markstrom without a rebound.
15:52 of 3rd period - Jack Roslovic wins face-off versus Michael Rasmussen in CALGARY Flames zone.
15:53 of 3rd period - Shot by Gustav Forsling.
15:53 of 3rd period - Shot Misses the Net.
16:02 of 3rd period - Icing by Damon Severson.
16:03 of 3rd period - Jack Roslovic wins face-off versus Charlie Coyle in ST. LOUIS Blues zone.
16:12 of 3rd period - Shot by Jack Roslovic.
16:12 of 3rd period - Shot Misses the Net.
16:14 of 3rd period - Shot by Gustav Forsling.
16:14 of 3rd period - Stopped by Jacob Markstrom without a rebound.
16:15 of 3rd period - Evgeny Kuznetsov wins face-off versus Michael Rasmussen in CALGARY Flames zone.
16:16 of 3rd period - Shot by Erik Karlsson.
16:16 of 3rd period - Stopped by Jacob Markstrom without a rebound.
16:17 of 3rd period - Evgeny Kuznetsov wins face-off versus Michael Rasmussen in CALGARY Flames zone.
17:41 of 3rd period - Shot by Ty Dellandrea.
17:41 of 3rd period - Stopped by Filip Gustavsson without a rebound.
17:42 of 3rd period - Charlie Coyle wins face-off versus Evgeny Kuznetsov in ST. LOUIS Blues zone.
17:55 of 3rd period - Shot by Evgeny Kuznetsov.
17:55 of 3rd period - Shot Misses the Net.
19:00 of 3rd period - Oliver Bjorkstrand is hit by Johnathan Kovacevic and loses puck.
19:19 of 3rd period - Shot by Oscar Klefbom.
19:19 of 3rd period - Deflect By Roope Hintz.
19:19 of 3rd period - Stopped by Jacob Markstrom with a rebound.
19:50 of 3rd period - Jack Roslovic is hit by Johnathan Kovacevic and loses puck.
Goals for this period are 1 for ST. LOUIS Blues vs 1 for CALGARY Flames.
Shots for this period are 10 for ST. LOUIS Blues vs 8 for CALGARY Flames. Output by the SimonT Hockey Simulator (STHS) for Martin Benoit - Original Page W3C HTML5 Valid
Hockey Simulator - Hockey Simulation - Hockey Manager